 Dungeon Crawl Stone Soup version 0.26.0-20-g3ca415f5b8 (webtiles) character file.

Game seed: 13292084796222283445

35 jiml777 the Gusty (level 3, 0/24 HPs)
             Began as a Demonspawn Air Elementalist on Jan 25, 2021.
             Killed by nerve-wracking pain
             ... invoked by an orc priest
              (10 damage)
             ... on level 3 of the Dungeon.
             The game lasted 00:12:07 (1955 turns).

jiml777 the Gusty (Demonspawn Air Elementalist)     Turns: 1955, Time: 00:12:07

Health: 0/24       AC:  3    Str:  8    XL:     3   Next: 17%
Magic:  6/6        EV: 12    Int: 17    God:
Gold:   80         SH:  0    Dex: 13    Spells: 0/6 levels left

rFire    . . .     SeeInvis .   l - +0 dagger
rCold    + . .     Faith    .   (no shield)
rNeg     . . .     Spirit   .   a - +0 robe
rPois    .         Reflect  .   p - +0 helmet
rElec    .         Harm     .   (no cloak)
rCorr    .         Rampage  .   (no gloves)
Will     .....                  (no boots)
Stlth    ++........             e - amulet of regeneration
HPRegen  0.48/turn              (no ring)
MPRegen  0.10/turn              (no ring)

@: no status effects
A: claws 1, cold resistance 1
a: no special abilities


You were on level 3 of the Dungeon.
You visited 1 branch of the dungeon, and saw 3 of its levels.

You collected 80 gold pieces.

Inventory:

Hand Weapons
 l - a +0 dagger (weapon)
Missiles
 b - 174 stones
 d - 30 poisoned darts
 f - 19 sling bullets
Armour
 a - a +0 robe (worn)
 j - a +0 buckler
 p - a +0 helmet (worn)
Jewellery
 e - an amulet of regeneration (around neck)
Wands
 q - a wand of disintegration (7)
Scrolls
 g - a scroll of identify
 h - a scroll of amnesia {unknown}
 i - a scroll of remove curse
 k - 2 scrolls of noise {unknown}
 m - a scroll of teleportation {unknown}
 n - a scroll of magic mapping {unknown}
 r - a scroll of fear {unknown}
Potions
 c - 2 potions of heal wounds
 o - a potion of curing {unknown}


   Skills:
 + Level 2.0 Dodging
 + Level 2.0 Stealth
 * Level 0.1 Shields
 + Level 2.4 Spellcasting
 * Level 1.2 Conjurations
 + Level 3.2 Air Magic


You couldn't memorise any spells.
You knew the following spells:

 Your Spells              Type           Power        Failure   Level
a - Shock                 Conj/Air       36%          8%          1
b - Swiftness             Air            13%          8%          2
c - Static Discharge      Conj/Air       9%           22%         3

Your spell library contained the following spells:

 Spells                   Type           Power        Failure   Level
 Beastly Appendage        Tmut           4%           19%         1
 Wereblood                Tmut           2%           28%         2
 Airstrike                Air            6%           45%         4
 Spider Form              Tmut/Pois      1%           50%         3
 Ice Form                 Ice/Tmut       2%           88%         4
 Lightning Bolt           Conj/Air       4%           90%         5
 Blade Hands              Tmut           1%           99%         5


Dungeon Overview and Level Annotations

Branches:
Dungeon (3/15)

Altars:
Fedhas


Innate Abilities, Weirdness & Mutations

You have sharp fingernails.
Your flesh is cold resistant. (rC+)


Message History

Found a golden ring.
You see here a murky red potion.
An orc comes into view.
An orc comes into view. It is wielding a +0 mace.
The orc moves out of view.
An orc comes into view. It is wielding a +0 flail.
The orc priest calls down the wrath of Beogh upon you.
Beogh smites you!
Ouch! That really hurt!
The orc shouts!
Casting: Shock (safe; 8% risk of failure)
Confirm with . or Enter, or press ? or * to list all spells.
Aiming: Shock (safe; 8% risk of failure)
Press: ? - help, Shift-Dir - straight line, f - orc priest
Aim: an orc priest (32% to evade)
Okay, then.
An orc comes into view. It is wielding a -2 dagger.
The orc priest invokes the aid of Beogh against you.
Pain shoots through your body!
You die...

#.# ..o #.# ... =.
#####.# ... ... #......
#.# #.# #.###.# #.#
#?######.###.. #.#
#.#...)......#
#.###.............
#..####@!..........##.#.
#..oooo...!...#......###
###########.#.#)##.##.#.
#....###.###.# #.#†##
#.# #.# #.#.# #.# #.#
#.#.# #.# #.# #.#.. ...
... #.### ### ###


You could see an orc priest and 4 orcs.

Vanquished Creatures
  An adder (D:2)
  2 worms (D:2)
  A giant cockroach (D:2)
  2 goblins
  A hobgoblin (D:2)
  A quokka (D:3)
  5 bats
  A frilled lizard (D:2)
  4 kobolds
  6 rats
24 creatures vanquished.

Vanquished Creatures (others)
  4 plants (D:2)
4 creatures vanquished.

Grand Total: 28 creatures vanquished

Notes
Turn   | Place    | Note
-------+----------+-------------------------------------------
     0 | D:1      | jiml777 the Demonspawn Air Elementalist began the quest for
                  | the Orb.
     0 | D:1      | Reached XP level 1. HP: 13/13 MP: 3/3
   713 | D:2      | Reached skill level 3 in Air Magic
   713 | D:2      | Gained mutation: You have sharp fingernails. [demonic
                  | ancestry]
   713 | D:2      | Reached XP level 2. HP: 19/19 MP: 1/5
  1003 | D:2      | Learned a level 2 spell: Swiftness
  1013 | D:2      | Found a blossoming altar of Fedhas.
  1154 | D:2      | Gained mutation: Your flesh is cold resistant. (rC+)
                  | [demonic ancestry]
  1154 | D:2      | Reached XP level 3. HP: 24/24 MP: 0/6
  1273 | D:2      | Learned a level 3 spell: Static Discharge
  1955 | D:3      | Killed from afar by an orc priest

Illustrated notes

Levels and vault maps discovered:
D:1:      zaba_arrival_water, layout_loops_ring
D:2:      layout_basic, fedhas_altar_1, minmay_cupped
D:3:      layout_loops_ring

Skill      XL: |  1  2 |
---------------+-------+-----
Air Magic      | 3 |  3.2
Stealth        | 2 |  2.0
Dodging        | 2 |  2.0
Shields        | |  0.1
Spellcasting   | |  2.4
Conjurations   | |  1.2

Action                   || total
-------------------------++-------
Melee: Unarmed           ||     4
       Dagger            ||     1
 Cast: Shock             ||    47
  Use: Scroll            ||     4
Armor: Robe              ||     3
Dodge: Dodged            ||     8
